 Dungeon Crawl Stone Soup version 0.22-a0-406-g9ff8d77 (webtiles) character file.

102 Gaball the Sneak (level 4, -3/33 HPs)
             Began as a Vampire Assassin on May 8, 2018.
             Was a Follower of Kikubaaqudgha.
             Killed from afar by an orc wizard (9 damage)
             ... with a magic dart
             ... on level 3 of the Dungeon.
             The game lasted 00:05:54 (1794 turns).

Gaball the Sneak (Vampire Assassin)                 Turns: 1794, Time: 00:05:56

Health: -3/33      AC:  3    Str: 10    XL:     4   Next: 50%
Magic:  0/4        EV: 12    Int: 13    God:    Kikubaaqudgha [*.....]
Gold:   126        SH:  0    Dex: 16    Spells: 3/3 levels left

rFire    . . .     SeeInvis +   a - +2 dagger
rCold    + + .     Gourm    .   (no shield)
rNeg     + + .     Faith    .   c - +0 robe
rPois    +         Spirit   +   (no helmet)
rElec    .         Reflect  .   d - +0 cloak
rCorr    .         Harm     .   (no gloves)
MR       .....                  (no boots)
Stlth    +++++.....             n - amulet of guardian spirit
HPRegen  0.05/turn              h - ring of protection from cold
MPRegen  0.09/turn              (no ring)

@: regenerating slowly
A: fangs 3, see invisible, unbreathing
a: Bat Form, Receive Corpses, Renounce Religion


You were on level 3 of the Dungeon.
You worshipped Kikubaaqudgha.
Kikubaaqudgha was aware of your devotion.
You were very thirsty.

You visited 1 branch of the dungeon, and saw 3 of its levels.

You collected 126 gold pieces.

Inventory:

Hand Weapons
 a - a +2 dagger (weapon)
 b - a +0 blowgun
Missiles
 e - 8 poisoned needles
 f - 2 curare-tipped needles
Armour
 c - a +0 robe (worn)
 d - a +0 cloak (worn)
Jewellery
 h - a ring of protection from cold (left hand)
 n - an amulet of guardian spirit (around neck)
Scrolls
 i - 2 scrolls of identify {unknown}
 j - 3 scrolls of teleportation {unknown}
 k - a scroll of random uselessness {unknown}
 l - a scroll of fear {unknown}
 p - a scroll of immolation {unknown}
 q - a scroll of remove curse {unknown}
Potions
 g - 19 potions of blood
 m - 3 potions of curing {unknown}
 o - 3 potions of brilliance {unknown}


   Skills:
 - Level 1.7 Fighting
 + Level 4.0 Short Blades
 - Level 1.5 Throwing
 - Level 1.1 Dodging
 + Level 7.6 Stealth


You had 3 spell levels left.
You didn't know any spells.

Dungeon Overview and Level Annotations

Branches:
Dungeon (3/15)

Altars:
Kikubaaqudgha

Annotations:
D:3 KristoblXynda's ghost, amateur TrWz


Innate Abilities, Weirdness & Mutations

You heal slowly.
You have razor-sharp teeth.
You have supernaturally acute eyesight. (SInv)
You can survive without breathing.


Message History

You hit the orc wizard but do no damage.
You bite the orc wizard.
You draw the orc wizard's blood!
You feel better.
You feel slightly less thirsty.
The orc wizard is severely wounded.
The orc wizard casts a spell at you. The magic dart hits you!
* * * LOW HITPOINT WARNING * * *
You hit the orc wizard but do no damage.
The orc wizard is severely wounded.
The orc wizard hits you with a dagger.
* * * LOW HITPOINT WARNING * * *
You closely miss the orc wizard.
The orc wizard is severely wounded.
The orc wizard barely misses you.
You hit the orc wizard.
The orc wizard is almost dead.
The orc wizard casts a spell at you. The magic dart hits you!
You die...
Kikubaaqudgha rasps: "You have failed me!
Welcome... oblivion!"

. ...o.o..§...## ..#
......####!### ...
...... #.# #+#.#
o..### #o# #.#.# #.#
######.#.### #.#
#........... #.#
#.###...÷###
#.#######.##.....# #
#.o@.....#.##....# #
#########.####.#....
## #.##### #.# #.#
#.# #.# #.# #.#


You could see an orc wizard.

Vanquished Creatures
  4 adders (D:2)
  3 worms (D:2)
  5 dart slugs
  A leopard gecko (D:2)
  2 orcs (D:3)
  A giant cockroach (D:1)
  4 goblins
  4 hobgoblins
  A quokka (D:2)
  8 bats
  2 frilled lizards (D:1)
  10 kobolds
  5 rats
50 creatures vanquished.

Notes
Turn   | Place    | Note
-------+----------+-------------------------------------------
     0 | D:1      | Gaball the Vampire Assassin began the quest for the Orb.
     0 | D:1      | Reached XP level 1. HP: 16/16 MP: 1/1
    65 | D:1      | Reached skill level 6 in Stealth
   180 | D:1      | Reached XP level 2. HP: 13/22 MP: 2/2
   908 | D:2      | Reached XP level 3. HP: 27/27 MP: 3/3
  1025 | D:2      | Found an ancient bone altar of Kikubaaqudgha.
  1101 | D:2      | Became a worshipper of Kikubaaqudgha
  1201 | D:2      | Reached skill level 7 in Stealth
  1342 | D:2      | Reached XP level 4. HP: 30/33 MP: 4/4
  1568 | D:3      | Noticed KristoblXynda's ghost (amateur TrWz)
  1775 | D:3      | Reached * piety under Kikubaaqudgha
  1775 | D:3      | Identified Kikubaaqudgha's Catalogue of Unholy Magic (Kikubaaqudgha gifted it to you on level 3 of the Dungeon)
  1775 | D:3      | Received a gift from Kikubaaqudgha
  1794 | D:3      | Killed from afar by an orc wizard

Vault maps used:
D:1:      dpeg_arrival_shelter
D:2:      marbit_many_paths
D:3:      uniq_natasha

Skill      XL: |  1  2  3  4 |
---------------+-------------+-----
Stealth        | 6 7 |  7.6
Short Blades   | 3 4 |  4.0
Fighting       | |  1.7
Throwing       | |  1.5
Dodging        | |  1.1

Action                   |  1- 3 |  4- 6 || total
-------------------------+-------+-------++-------
Melee: Dagger            |    86 |    45 ||   131
       Bite              |     8 |     5 ||    13
 Stab: Sleeping          |    21 |     8 ||    29
Armor: Robe              |    13 |     4 ||    17
Dodge: Dodged            |    47 |     7 ||    54

Table legend:
 A = Spawn XP
 B = Non-spawn XP
 C = Spawn XP percentage of total XP
 D = Spawn monster count
 E = Non-spawn monster count
 F = Spawn count percentage of total count
 G = Total turns spent on level
                    A         B        C        D         E        F      G
               +---------+---------+-------+---------+---------+-------+---------
         Total |       0 |     147 |   0.0 |       0 |      50 |   0.0 |  1794
               +---------+---------+-------+---------+---------+-------+---------
           D:1 |       0 |      28 |   0.0 |       0 |      19 |   0.0 |   769
           D:2 |       0 |     100 |   0.0 |       0 |      22 |   0.0 |   755
           D:3 |       0 |      19 |   0.0 |       0 |       9 |   0.0 |   270
               +---------+---------+-------+---------+---------+-------+---------
